 Dungeon Crawl Stone Soup version 0.26.1-11-gd32895ea62 (webtiles) character file.

Game seed: 4067101210987413838

200431 danmikkh the Severer (level 18, -5/177 (178) HPs)
             Began as a Minotaur Berserker on June 18, 2021.
             Was the Champion of Trog.
             Killed from afar by a deep elf annihilator (52 damage)
             ... with a crystal spear
             ... on level 3 of the Elven Halls.
             The game lasted 01:12:48 (39512 turns).

danmikkh the Severer (Minotaur Berserker)          Turns: 39512, Time: 01:12:48

HP:   -5/177 (178)  AC: 39    Str: 34    XL:     18   Next: 27%
MP:   0/6           EV: 16    Int:  6    God:    Trog [******]
Gold: 3215          SH:  0    Dex: 10    Spells: 17/17 levels left

rFire    . . .     SeeInvis +   Z - +9 battleaxe (antimagic)
rCold    + . .     Faith    .   (shield currently unavailable)
rNeg     . . .     Spirit   +   q - +7 plate armour {rC+}
rPois    .         Reflect  .   X - +0 hat {SInv}
rElec    .         Harm     .   n - +2 cloak {Will+}
rCorr    .         Rampage  .   i - +0 pair of gloves
Will     +++..                  J - +1 pair of boots
Stlth    ..........             h - amulet of guardian spirit
HPRegen  0.39/turn              D - ring of willpower
MPRegen  0.10/turn              G - +6 ring of strength

@: studying 2 skills, lightly drained
A: retaliatory headbutt, horns 2, talons 1, icy blue scales 1, slimy green
scales 1, shaggy fur 1
a: Renounce Religion, Berserk, Trog's Hand, Brothers in Arms


You were on level 3 of the Elven Halls.
You worshipped Trog.
Trog was exalted by your worship.
You visited 5 branches of the dungeon, and saw 29 of its levels.
You visited 1 bazaar.
You also visited: Trove, Sewer, Bailey and Volcano.

You collected 4531 gold pieces.
You spent 1316 gold pieces at shops.

Inventory:

Hand Weapons
 s - the +6 executioner's axe of the Establishment {freeze, rC+ Int+3}
   (You found it in a bailey)

   It has been specially enchanted to freeze those struck by it, causing extra
   injury to most foes and up to half again as much damage against particularly
   susceptible opponents.
   It can also slow down cold-blooded creatures.
   It affects your intelligence (+3).
   It protects you from cold.
 B - the +9 battleaxe "Eviscerator" {vorpal, Dex+7}
   (Trog gifted it to you on level 1 of the Elven Halls)

   It inflicts extra damage upon your enemies.
   It affects your dexterity (+7).
 Z - a +9 antimagic battleaxe (weapon)
Armour
 i - a +0 pair of gloves (worn)
 n - a +2 cloak of willpower (worn)
 q - a +7 plate armour of cold resistance (worn)
 I - a +2 plate armour of fire resistance
 J - a +1 pair of boots (worn)
 X - a +0 hat of see invisible (worn)
Jewellery
 f - a +6 ring of strength
 h - an amulet of guardian spirit (around neck)
 j - an uncursed ring of fire
 l - an uncursed ring of protection from fire
 D - a ring of willpower (left hand)
 G - a +6 ring of strength (right hand)
 L - an uncursed ring of fire
 P - an uncursed ring of resist corrosion
 V - an uncursed ring of poison resistance
 W - an uncursed ring of poison resistance
Wands
 x - a wand of paralysis (37)
 A - a wand of iceblast (17)
 C - a wand of digging (8)
 H - a wand of flame (9)
 K - a wand of acid (11)
 S - a wand of polymorph (21)
 T - a wand of enslavement (20)
 U - a wand of disintegration (43)
 Y - a wand of random effects (12)
Scrolls
 b - 3 scrolls of magic mapping
 c - 2 scrolls of fog
 d - 16 scrolls of teleportation
 e - 3 scrolls of silence
 r - 14 scrolls of remove curse
 w - 2 scrolls of fear
 y - 3 scrolls of enchant weapon
 E - 14 scrolls of identify
 O - 2 scrolls of blinking
Potions
 a - 3 potions of berserk rage
 g - 10 potions of haste
 m - 7 potions of curing
 p - 10 potions of lignification
 t - 8 potions of heal wounds
 u - 9 potions of flight
 v - 5 potions of might
 z - 3 potions of magic
 F - 4 potions of invisibility
 M - 4 potions of cancellation
 Q - 2 potions of mutation
Books
 N - a manual of Maces & Flails
 R - a manual of Evocations
Miscellaneous
 k - a box of beasts


   Skills:
 + Level 20.2 Fighting
 - Level 20.2(20.3) Axes
 - Level 4.0(14.2) Polearms
 + Level 20.0 Armour
 + Level 16.0 Dodging
 - Level 0.4 Stealth
 - Level 3.3 Shields
 - Level 2.7 Invocations
 + Level 14.4 Evocations


You had 17 spell levels left.
You didn't know any spells.
Your spell library contained the following spells:

 Spells                   Type           Power        Failure   Level
 Corpse Rot               Necr/Air       N/A          95%         2
 Ignite Poison            Fire/Tmut/Pois 0%           99%         3
 Stone Arrow              Conj/Erth      0%           99%         3
 Summon Lightning Spire   Summ/Air       0%           100%        4
 Fireball                 Conj/Fire      0%           100%        5
 Silence                  Hex/Air        0%           100%        5
 Summon Forest            Summ/Tloc      0%           100%        5
 Conjure Ball Lightning   Conj/Air       0%           100%        6
 Eringya's Noxious Bog    Tmut/Pois      0%           100%        6
 Hydra Form               Tmut           0%           100%        6
 Starburst                Conj/Fire      0%           100%        6
 Summon Hydra             Summ           0%           100%        7
 Ignition                 Fire           0%           100%        8
 Tornado                  Air            0%           100%        9


Dungeon Overview and Level Annotations

Branches:
Dungeon (15/15)            Temple (0/1) D:5            Lair (6/6) D:9
  Swamp (3/4) Lair:3        Snake (0/4) Lair:2        Slime (0/5) Lair:6
    Orc (2/2) D:11            Elf (3/3) Orc:2        Vaults (0/5) D:14
 Depths (0/5) D:15          Sewer (visited)          Bailey (visited)
Volcano (visited)

Altars:
Cheibriados
Dithmenos
Fedhas
Gozag
Makhleb
Nemelex Xobeh
Qazlal
Ru
Uskayaw
Vehumet
Wu Jian
Xom
Yredelemnul
Zin

Shops:
D:6 :   D:8 (   D:10 }!!   D:14 ?   D:15 (   Orc:2 !:?=*   Elf:1 [   Elf:3 }


Innate Abilities, Weirdness & Mutations

You reflexively headbutt those who attack you in melee.
You have a pair of horns on your head.
You have sharp toenails.
You are partially covered in icy blue scales. (AC +2)
You are partially covered in slimy green scales. (AC +2)
You are covered in fur. (AC +1)


Message History

Trog appreciates your killing of a magic user.
You hear a shout!
A deep elf mage comes into view. It is wielding a +1 long sword of pain.
A deep elf annihilator comes into view.
It is wielding a +0 rapier, wearing the +1 robe of Barnacled Curiosity {rElec Will+++ Slay-4 SInv} and wearing the ring of Divine Compulsion {Wiz Int+2}.
The deep elf mage casts a spell.
The deep elf mage blinks!
Items here: ))) [[ †††.
You slash the deep elf annihilator!
The deep elf annihilator's magic leaks into the air.
You headbutt the deep elf annihilator.
The deep elf annihilator is severely wounded.
The deep elf annihilator points at you and mumbles some strange words.
The crystal spear hits you!!!
* * * LOW HITPOINT WARNING * * *
The deep elf mage casts a spell.
The deep elf mage mumbles some strange words.
The deep elf mage blinks!
The deep elf annihilator casts a spell at you.
The crystal spear hits you!!!
You die...

############################...
#.###...............
#..#..###########... #...##
#+## ##.## #... #.# #... #)#
#... #.# #[.. #@# #... #)# #...
######e###### #...
#...≈≈e≈≈e..# #...
#..§≈≈.≈≈e..# ##'#
....§§§§≈≈..... #...
.#..§§§e§≈...## #...
######e###### #... ... #...


You could see a deep elf annihilator and 3 deep elf magi.

Vanquished Creatures
  A thorn hunter (Swamp:2)
  Agnes (Elf:1)
  A deep elf sorcerer (Elf:3)
  An orc warlord (Orc:2)
  3 deep elf elementalists (Elf:3)
  A deep elf demonologist (Elf:1)
  A deep elf annihilator (Elf:1)
  Azrael (D:15)
  5 bunyips
  Snorg (D:14)
  A deep elf death mage (Elf:2)
  4 eleionomae
  A yaktaur captain (D:15)
  Josephine (D:14)
  4 boulder beetles
  12 hydras
  A ghost crab (Swamp:3)
  11 alligators
  Erica (D:11)
  A merfolk avatar (Lair:6)
  A catoblepas (D:13)
  13 two-headed ogres
  3 centaur warriors
  2 ogre magi (Orc:2)
  A tengu warrior (D:12)
  21 dancing weapons
  4 death yaks (Lair:5)
  Nergalle (Lair:4)
  20 deep elf knights
  8 goliath frogs
  A hell knight (Volcano)
  2 unseen horrors
  2 deep trolls (Orc:2)
  A spriggan druid (Swamp:2)
  3 swamp dragons
  A wizard (D:15)
  13 deep elf archers
  3 orc knights
  4 bog bodies
  58 deep elf magi
  A lindwurm (Lair:5)
  14 ugly things
  2 necromancers (D:14)
  2 wolf spiders (Lair:2)
  4 orc sorcerers
  7 cyclopes
  4 will-o-the-wisps
  3 centaur zombies
  2 manticores
  A salamander (shapeshifter) (Elf:1)
  2 oklob plants (Lair:3)
  2 black mambas
  15 elephants
  A smoke demon (Volcano)
  A molten gargoyle (Lair:3)
  Maurice (Orc:2)
  15 cane toads
  An ice statue (D:9)
  2 torpor snails
  A gargoyle (D:13)
  A kobold demonologist (D:11)
  6 rime drakes
  A yaktaur (D:15)
  An efreet (D:15)
  8 komodo dragons
  A tengu conjurer (D:12)
  11 trolls
  2 red devils (Volcano)
  8 tyrant leeches
  6 polar bears
  4 blink frogs
  A wind drake (Lair:6)
  8 slime creatures
  5 hornets
  A wind drake (shapeshifter) (Elf:3)
  5 dream sheep (Lair:5)
  2 spriggans
  2 air elementals
  2 vampires
  7 wyverns
  3 water elementals
  Sigmund (D:6)
  7 fire elementals
  10 wraiths
  57 yaks
  A steam dragon (Lair:2)
  6 basilisks
  Grum (D:10)
  13 vampire mosquitoes
  A naga (Lair:2)
  2 wargs (D:9)
  9 swamp worms
  5 hell hounds
  13 water moccasins
  2 swamp drakes
  A hornet zombie (D:8)
  28 orc warriors
  2 black bears (Lair:6)
  22 ogres
  2 sky beasts
  An eye of draining (D:13)
  6 ice beasts
  A phantom (D:13)
  25 wolves
  4 boggarts (Lair:6)
  18 centaurs
  8 big kobolds
  2 wyvern zombies
  14 bullfrogs
  3 earth elementals
  4 scorpions
  A water moccasin skeleton (D:6)
  9 wights
  4 howler monkeys
  12 electric eels
  3 lava snakes
  2 bullfrog zombies (D:13)
  5 jellies
  15 orc priests
  3 bullfrog skeletons
  3 centaur skeletons
  6 hounds
  20 orc wizards
  8 iguanas
  12 worker ants
  A hound skeleton (D:6)
  2 worker ant zombies
  21 adders
  4 gnolls (D:3)
  A howler monkey skeleton (D:5)
  2 river rats (D:3)
  A shadow imp (D:8)
  5 white imps
  4 ufetubi
  8 oozes
  An adder zombie (D:9)
  6 worms
  A dart slug (D:1)
  17 leopard geckos
  80 orcs
  8 bats
  11 giant cockroaches
  5 goblins
  9 hobgoblins
  14 jackals
  32 kobolds
  3 quokkas
  13 ball pythons
  18 frilled lizards
  A quokka zombie (D:9)
  12 rats
  A fire vortex (Lair:4)
1034 creatures vanquished.

Vanquished Creatures (collateral kills)
  A two-headed ogre (Orc:2)
  4 orc warriors (Orc:2)
  An orc priest (Orc:2)
  4 orcs (Orc:2)
10 creatures vanquished.

Vanquished Creatures (others)
  2 bloated husks
  An eye of draining (D:15)
  An orc wizard (D:9)
  2 briar patches (Swamp:2)
  6 foxfires
  20 fungi
  70 plants
102 creatures vanquished.

Grand Total: 1146 creatures vanquished

Notes
Turn   | Place    | Note
-------+----------+-------------------------------------------
     0 | D:1      | danmikkh the Minotaur Berserker began the quest for the
                  | Orb.
     0 | D:1      | Reached XP level 1. HP: 19/19 MP: 0/0
   148 | D:1      | Reached XP level 2. HP: 27/27 MP: 1/1
  1142 | D:2      | Reached XP level 3. HP: 33/33 MP: 2/2
  1151 | D:2      | Reached ** piety under Trog
  1294 | D:2      | Noticed a fire elemental
  1296 | D:2      | Found a stormy altar of Qazlal.
  1298 | D:2      | Noticed a water elemental
  1298 | D:2      | Noticed an air elemental
  1298 | D:2      | Noticed an earth elemental
  1351 | D:2      | Found a shimmering altar of Xom.
  1498 | D:2      | Reached XP level 4. HP: 41/41 MP: 3/3
  1715 | D:2      | Reached skill level 5 in Fighting
  2134 | D:3      | Reached XP level 5. HP: 47/48 MP: 4/4
  2183 | D:3      | Found a glowing drain.
  2190 | Sewer    | Entered a sewer
  2227 | Sewer    | Reached *** piety under Trog
  2281 | Sewer    | Reached skill level 5 in Axes
  2553 | Sewer    | Reached XP level 6. HP: 56/56 MP: 5/5
  2581 | Sewer    | Reached **** piety under Trog
  2930 | D:3      | Found an opulent altar of Gozag.
  3283 | D:3      | Found a blossoming altar of Fedhas.
  3340 | D:3      | Reached XP level 7. HP: 20/63 MP: 6/6
  3577 | D:3      | Found a snail-covered altar of Cheibriados.
  3586 | D:3      | Reached ***** piety under Trog
  3983 | D:4      | Reached skill level 5 in Armour
  4449 | D:4      | Found a blossoming altar of Fedhas.
  4762 | D:5      | Entered Level 5 of the Dungeon
  4783 | D:5      | Found a burning altar of Makhleb.
  4783 | D:5      | Noticed a cacodemon
  4784 | D:5      | Got a smoking trident
  4784 | D:5      | Identified the cursed +1 trident of Cobwebs {vorpal, *Slow
                  | rN++ MP-9 Int+9} (You found it on level 5 of the Dungeon)
  4877 | D:5      | Found a staircase to the Ecumenical Temple.
  5016 | D:5      | Found an opulent altar of Gozag.
  5276 | D:5      | Found a sparkling altar of Nemelex Xobeh.
  5277 | D:5      | Found a hide-covered altar of Uskayaw.
  5277 | D:5      | Found a basalt altar of Yredelemnul.
  5558 | D:5      | Reached skill level 1 in Polearms
  5558 | D:5      | Reached XP level 8. HP: 43/71 MP: 0/7
  6187 | D:5      | Noticed an orange demon
  6298 | D:6      | Noticed Sigmund
  6530 | D:6      | Killed Sigmund
  6891 | D:6      | Found Ceago's Book Emporium.
  7179 | D:6      | Found a shadowy altar of Dithmenos.
  7188 | D:6      | Reached XP level 9. HP: 78/80 MP: 8/8
  7302 | D:6      | Found a glowing silver altar of Zin.
  8038 | D:7      | Reached skill level 1 in Shields
  8044 | D:7      | Reached skill level 10 in Axes
  8959 | D:8      | Found a sacrificial altar of Ru.
  9110 | D:8      | Found an ornate altar of the Wu Jian Council.
  9519 | D:8      | Found Odwulila's Weapon Emporium.
  9816 | D:9      | Found a flagged portal.
  9838 | Bailey   | Entered a bailey
  9848 | Bailey   | Received a gift from Trog
 10028 | Bailey   | Reached XP level 10. HP: 75/90 MP: 6/9
 10559 | Bailey   | Reached skill level 1 in Evocations
 10689 | Bailey   | Got an ichor-stained executioner's axe
 10690 | Bailey   | Identified the +6 executioner's axe of the Establishment
                  | {freeze, rC+ Int+3} (You found it in a bailey)
 10873 | D:9      | Noticed an ice statue
 10902 | D:9      | Killed an ice statue
 10991 | D:9      | Reached skill level 10 in Armour
 11102 | D:9      | Found a staircase to the Lair.
 11106 | D:9      | Received a gift from Trog
 11714 | D:9      | Reached skill level 10 in Fighting
 11796 | D:10     | Entered Level 10 of the Dungeon
 11912 | D:10     | Noticed a two-headed ogre
 11918 | D:10     | Killed a two-headed ogre
 11919 | D:10     | Reached XP level 11. HP: 66/101 MP: 5/10
 12245 | D:10     | Noticed Grum
 12260 | D:10     | Killed Grum
 12363 | D:10     | Found Zuixelio's Distillery.
 12371 | D:10     | Bought a potion of haste for 130 gold pieces
 12371 | D:10     | Bought a potion of lignification for 39 gold pieces
 12371 | D:10     | Bought 2 potions of heal wounds for 130 gold pieces
 12446 | D:10     | Found Lelankua's Gadget Boutique.
 12806 | D:10     | Found Yciabbat's Distillery.
 12809 | D:10     | Bought a potion of mutation for 120 gold pieces
 12809 | D:10     | Bought a potion of mutation for 120 gold pieces
 12809 | D:10     | Gained mutation: You do not regenerate when monsters are
                  | visible. [potion of mutation]
 12809 | D:10     | Gained mutation: You have sharp fingernails. [potion of
                  | mutation]
 12810 | D:10     | Lost mutation: You do not regenerate when monsters are
                  | visible. [potion of mutation]
 12810 | D:10     | Lost mutation: You have sharp fingernails. [potion of
                  | mutation]
 12810 | D:10     | Gained mutation: Your muscles are strong. (Str +2) [potion
                  | of mutation]
 12810 | D:10     | Gained mutation: You tend to lose your temper in combat.
                  | [potion of mutation]
 12810 | D:10     | Gained mutation: You are partially covered in yellow
                  | scales. (AC +2) [potion of mutation]
 12811 | D:10     | Lost mutation: You are partially covered in yellow scales.
                  | (AC +2) [potion of mutation]
 12811 | D:10     | Lost mutation: You tend to lose your temper in combat.
                  | [potion of mutation]
 12811 | D:10     | Lost mutation: Your muscles are strong. (Str +2) [potion of
                  | mutation]
 12811 | D:10     | Gained mutation: You are clumsy. (Dex -2) [potion of
                  | mutation]
 12811 | D:10     | Gained mutation: Your mind is acute. (Int +2) [potion of
                  | mutation]
 12811 | D:10     | Gained mutation: You have sharp toenails. [potion of
                  | mutation]
 12812 | D:10     | Lost mutation: You have sharp toenails. [potion of
                  | mutation]
 12812 | D:10     | Lost mutation: Your mind is acute. (Int +2) [potion of
                  | mutation]
 12812 | D:10     | Gained mutation: Your magical capacity is low. (-10% MP)
                  | [potion of mutation]
 12812 | D:10     | Gained mutation: You are robust. (+10% HP) [potion of
                  | mutation]
 12813 | D:10     | Lost mutation: You are robust. (+10% HP) [potion of
                  | mutation]
 12813 | D:10     | Lost mutation: You are clumsy. (Dex -2) [potion of
                  | mutation]
 12813 | D:10     | Lost mutation: Your magical capacity is low. (-10% MP)
                  | [potion of mutation]
 12813 | D:10     | Gained mutation: You are partially covered in icy blue
                  | scales. (AC +2) [potion of mutation]
 12813 | D:10     | Gained mutation: You are partially covered in slimy green
                  | scales. (AC +2) [potion of mutation]
 12813 | D:10     | Gained mutation: You have sharp toenails. [potion of
                  | mutation]
 12813 | D:10     | Gained mutation: You are covered in fur. (AC +1) [potion of
                  | mutation]
 13009 | D:10     | Found a portal to a secret trove of treasure.
 13014 | Trove    | Entered a treasure trove
 13615 | Lair:1   | Entered Level 1 of the Lair of Beasts
 13627 | Lair:1   | Found a dark tunnel.
 13638 | Volcano  | Entered a volcano
 13662 | Volcano  | Noticed a red ugly thing
 13666 | Volcano  | Killed a red ugly thing
 13895 | Volcano  | Noticed a hell knight
 13904 | Volcano  | Killed a hell knight
 13905 | Volcano  | Reached skill level 15 in Axes
 16102 | Lair:2   | Found a runed translucent door.
 16104 | Lair:2   | Found a staircase to the Snake Pit.
 16168 | Lair:2   | Reached XP level 12. HP: 113/113 MP: 11/11
 16190 | Lair:2   | Reached * piety under Trog
 17364 | Lair:2   | Noticed a boulder beetle
 17364 | Lair:2   | Noticed a boulder beetle
 17382 | Lair:2   | Killed a boulder beetle
 17386 | Lair:2   | Killed a boulder beetle
 17818 | Lair:3   | Noticed a six-headed hydra
 17830 | Lair:3   | Killed a 12-headed hydra
 18332 | Lair:3   | Found a staircase to the Swamp.
 18730 | Lair:3   | Reached XP level 13. HP: 111/125 MP: 12/12
 18998 | Lair:3   | Reached skill level 15 in Fighting
 18998 | Lair:3   | Reached skill level 15 in Armour
 18998 | Lair:3   | Reached XP level 14. HP: 128/135 MP: 12/15
 19872 | Lair:4   | Noticed Nergalle
 19878 | Lair:4   | Killed Nergalle
 20933 | Lair:5   | Reached skill level 5 in Evocations
 21949 | Lair:6   | Entered Level 6 of the Lair of Beasts
 22850 | Lair:6   | Found a staircase to the Slime Pits.
 23173 | Lair:6   | Reached XP level 15. HP: 147/147 MP: 16/16
 23412 | D:11     | Found a staircase to the Orcish Mines.
 23440 | D:11     | You fall into a shaft and drop 3 floors!
 23566 | D:12     | Found a flickering gateway to a bazaar.
 23575 | Bazaar   | Entered a bazaar
 23612 | Bazaar   | Found Oschezuf's Gadget Boutique.
 23628 | Bazaar   | Found Ekhliyjoa's Antique Armour Shop.
 23653 | Bazaar   | Found Yvvoet's Assorted Antiques.
 23693 | Bazaar   | Found Giennu's Antique Weapon Shop.
 24732 | D:11     | Noticed Erica
 24742 | D:11     | Killed Erica
 24936 | D:11     | Received a gift from Trog
 25827 | Orc:1    | Entered Level 1 of the Orcish Mines
 26365 | Orc:2    | Entered Level 2 of the Orcish Mines
 26370 | Orc:2    | Noticed Maurice
 26378 | Orc:2    | Killed Maurice
 26413 | Orc:2    | Found Jirini's Distillery.
 26422 | Orc:2    | Bought 2 potions of heal wounds for 170 gold pieces
 26422 | Orc:2    | Bought a potion of heal wounds for 85 gold pieces
 26422 | Orc:2    | Bought a potion of heal wounds for 85 gold pieces
 26422 | Orc:2    | Bought a potion of haste for 170 gold pieces
 26422 | Orc:2    | Bought a potion of haste for 170 gold pieces
 26434 | Orc:2    | Noticed an orc warlord
 26448 | Orc:2    | Killed an orc warlord
 26865 | Orc:2    | Found a staircase to the Elven Halls.
 26898 | Orc:2    | Found Acze's General Store.
 26940 | Elf:1    | Entered Level 1 of the Elven Halls
 27167 | Orc:2    | Received a gift from Trog
 27246 | Orc:2    | Reached skill level 10 in Dodging
 27576 | Orc:2    | Found Axzol's Magic Scroll Shoppe.
 27586 | Orc:2    | Found Syoficku's Jewellery Shop.
 27599 | Orc:2    | Found Qoalupli's Book Boutique.
 28636 | D:14     | Noticed Snorg
 28643 | D:14     | Killed Snorg
 28710 | D:14     | Noticed Josephine
 28717 | D:14     | Killed Josephine
 28728 | D:14     | Found a gate to the Vaults.
 28730 | D:14     | Received a gift from Trog
 28856 | D:14     | Found Ydghepeny's Magic Scroll Shoppe.
 28863 | D:14     | Bought a scroll of enchant armour for 97 gold pieces
 28939 | D:14     | Reached XP level 16. HP: 135/157 MP: 14/17
 29229 | D:14     | Got an iridescent long sword
 29230 | D:14     | Identified the +3 long sword of Loskosah {vorpal, rElec rF+
                  | Will++ Dex-2} (You found it on level 14 of the Dungeon)
 29482 | D:15     | Entered Level 15 of the Dungeon
 29482 | D:15     | Found Eclesad's Weapon Shop.
 29495 | D:15     | Noticed Azrael
 29502 | D:15     | Killed Azrael
 30299 | D:15     | Reached skill level 10 in Evocations
 30433 | D:15     | Received a gift from Trog
 30444 | D:15     | Found a staircase to the Depths.
 30827 | Swamp:1  | Entered Level 1 of the Swamp
 32259 | Swamp:2  | Noticed a thorn hunter
 32691 | Swamp:2  | Killed a thorn hunter
 33212 | Swamp:2  | Identified a scroll of acquirement
 33212 | Swamp:2  | Acquired 1021 gold pieces
 33774 | Swamp:3  | Reached XP level 17. HP: 168/168 MP: 18/18
 33804 | Swamp:3  | Reached ****** piety under Trog
 34614 | Elf:1    | Received a gift from Trog
 34622 | Elf:1    | Got a crude battleaxe {god gift}
 34622 | Elf:1    | Identified the +9 battleaxe "Eviscerator" {vorpal, Dex+7}
                  | (Trog gifted it to you on level 1 of the Elven Halls)
 34704 | Elf:1    | Found a radiant altar of Vehumet.
 35290 | Elf:1    | Noticed an Ice Fiend
 35290 | Elf:1    | Noticed Agnes
 35838 | Elf:1    | Found Cesch's Antique Armour Shop.
 35842 | Elf:1    | Reached skill level 15 in Dodging
 35846 | Elf:1    | Received a gift from Trog
 36042 | Elf:1    | Killed Agnes
 37166 | Elf:2    | Found a runed translucent gate.
 37166 | Elf:2    | Found a runed translucent gate.
 37166 | Elf:2    | Found a runed translucent gate.
 37203 | Elf:2    | Received a gift from Trog
 38371 | Elf:2    | Reached XP level 18. HP: 168/178 MP: 6/19
 38540 | Elf:3    | Entered Level 3 of the Elven Halls
 38785 | Elf:3    | Received a gift from Trog
 38963 | Elf:3    | Found Wayxeck's Gadget Emporium.
 39485 | Elf:3    | Noticed a Brimstone Fiend
 39510 | Elf:3    | Identified the +1 robe of Barnacled Curiosity {rElec
                  | Will+++ Slay-4 SInv}
 39510 | Elf:3    | Identified the ring of Divine Compulsion {Wiz Int+2}
 39512 | Elf:3    | Killed from afar by a deep elf annihilator

Illustrated notes

Levels and vault maps discovered:
D:1:      minmay_arrival_semitransparent, layout_basic, minmay_pentomino_w4
D:2:      layout_loops_ring, marbit_many_paths, nicolae_qazlal_style_of_elements
D:3:      layout_basic, cheibriados_altar_1, lemuel_doored_altar,
          lightli_sewer_entry_pipes, hangedman_decor_clover_reticule,
          fedhas_altar_1
D:4:      layout_loops_ring, general_overflow_altar
D:5:      layout_layer_cave, makhleb_altar_promises_db,
          chequers_temple_overflow_statue_of_worship, minmay_temple_entry_glass,
          basic_altar, roderic_lattice_a, minmay_lizard_king
D:6:      cheibrodos_thug_alley, layout_basic, zin_statuary, serial_shops, shop,
          small_statue_intersection, nicolae_dithmenos_through_a_glass_darkly,
          uniq_sigmund
D:7:      layout_basic, minmay_misc_feat_more_columns, grunt_decor_one_mirror
D:8:      layout_basic, nicolae_ru_sacrificial_ziggurat,
          lemuel_coloured_pillars_altar, serial_shops, shop
D:9:      layout_basic, erik_lair_orcish_takeover, enter_bailey_2, nrook_uturn,
          minmay_statue_bubble
D:10:     layout_basic, enter_trove_3, serial_shops, shop, kennysheep_mini_moat,
          shop, nicolae_benzene_ring, uniq_grum
D:11:     layout_layer_cave, david_orc_2, uniq_erica
D:12:     layout_roguey, serial_shops, bzr_entry_islet, minmay_holes,
          corexii_hall_statues_x
D:13:     layout_loops_ring
D:14:     layout_roguey, david_vaults_1, serial_shops, shop, minivault_1,
          uniq_josephine, uniq_snorg
D:15:     grunt_enter_depths_snipers, layout_rooms, serial_shops, shop_statue,
          uniq_azrael
Lair:1:   layout_cave_pods, lightli_volcano_entry_magma_tube,
          serial_bayou_lake_a, infiniplex_staircase_pool, lemuel_fruit_tree,
          serial_bayou_shore_b
Lair:2:   gammafunk_indiana_jones, layout_chaotic_city,
          guppyfry_snake_entry_island, st_stairs_11
Lair:3:   layout_gridlike, skrybe_swamp_entry_bodies, minmay_lair_oklob_chamber,
          grunt_megastairs_3, lemuel_fruit_fields
Lair:4:   layout_gridlike, infiniplex_staircase_pool_2, uniq_nergalle
Lair:5:   layout_small_grid, grunt_megastairs_5
Lair:6:   gammafunk_lair_ancient_temple, layout_regular_city,
          minmay_slime_entry_pillars, kilobyte_rumbling_trees
Swamp:1:  layout_basic_swamp, serial_swamp_ruin, hangedman_swamp_ruin_wall,
          hangedman_swamp_ruin_hall
Swamp:2:  layout_falls_marsh, evilmike_swamp_ruin_wall
Swamp:3:  layout_basic_swamp, evilmike_swamp_ruin_house_1, swamp_pool2
Orc:1:    layout_caves
Orc:2:    st_orc_open, layout_diamond_mine, serial_shops, shop, uniq_maurice
Elf:1:    eino_elf_arrival_altar, layout_rooms, serial_shops, shop,
          minmay_elf_demonology, uniq_agnes
Elf:2:    layout_loops_cross
Elf:3:    elf_hall_gauntlet_narrow, layout_geoelf_castle, serial_shops,
          nicolae_shop_crystal, drop_trap, serial_sigils_hangedman_leer,
          hangedman_elf_represent

Skill      XL: |  1  2  3  4  5  6  7  8  9 10 11 12 13 14 15 16 17 18 |
---------------+-------------------------------------------------------+-----
Fighting       | 4 5 6 7 8 10 12 14 15 17 18 19 20 | 20.2
Axes           | 4 5 6 7 9 11 13 15 17 19 20 | 20.2
Dodging        | 3 4 6 7 11 14 15 16 | 16.0
Armour         | 3 4 6 7 9 10 12 14 15 16 17 18 19 20 | 20.0
Polearms       | 1 4 |  4.0
Shields        | 3 |  3.3
Evocations     | 1 2 4 5 9 11 13 14 | 14.4
Invocations    | 2 |  2.7
Stealth        | |  0.4

Action                   |  1- 3 |  4- 6 |  7- 9 | 10-12 | 13-15 | 16-18 || total
-------------------------+-------+-------+-------+-------+-------+-------++-------
Melee: Hand axe          |    74 |   259 |   462 |       |       |       ||   795
       Headbutt          |    19 |    35 |    92 |    66 |   118 |   143 ||   473
       Trident           |       |       |    79 |       |       |       ||    79
       Battleaxe         |       |       |    28 |    34 |       |   397 ||   459
       Executioner's axe |       |       |       |   327 |   618 |   303 ||  1248
Invok: Trog's Hand       |       |       |     2 |       |     1 |     1 ||     4
       Berserk           |       |       |     2 |     4 |     1 |       ||     7
       Brothers in Arms  |       |       |       |       |     2 |       ||     2
Evoke: Wand              |       |       |     6 |    20 |     3 |    15 ||    44
  Use: Scroll            |       |     7 |     6 |     4 |    29 |    12 ||    58
       Potion            |       |       |       |     6 |     2 |     4 ||    12
 Stab: Distracted        |       |       |       |       |     1 |     1 ||     2
       Paralysed         |       |       |       |       |       |     2 ||     2
Armor: Animal skin       |     6 |       |       |       |       |       ||     6
       Chain mail        |    24 |   151 |       |       |       |       ||   175
       Plate armour      |       |    26 |   323 |   379 |   511 |   443 ||  1682
Dodge: Dodged            |    42 |   151 |   186 |   215 |   360 |   400 ||  1354
Block: Buckler           |       |       |    36 |       |       |       ||    36
